 Dungeon Crawl Stone Soup version 0.30.0-10-gfe55d96785 (webtiles) character file.

Game seed: 4113397677369785866

260860 Kenran the Warrior (level 19, 0/135 HPs)
             Began as a Gargoyle Monk on May 14, 2023.
             Was the Champion of Okawaru.
             Killed from afar by a deep elf annihilator (38 damage)
             ... with an iron shot
             ... on level 3 of the Elven Halls.
             The game lasted 01:33:36 (38380 turns).

Kenran the Warrior (Gargoyle Monk)                 Turns: 38380, Time: 01:33:37

Health: 0/135      AC: 55    Str: 23    XL:     19   Next: 94%
Magic:  28/28      EV: 18    Int: 12    God:    Okawaru [******]
Gold:   2044       SH: 11    Dex: 16    Spells: 18/18 levels left

rFire   + . .        a - +8 broad axe of Poasm {heavy, Will++ Int+4}
rCold   . . .        X - +2 buckler {rN+}
rNeg    + + .        d - +6 plate armour {rF+}
rPois   ∞            W - +2 helmet {SInv}
rElec   +            n - +0 cloak
rCorr   +            b - +2 pair of gloves "Foyserph" {rElec Will+ Int-3 Dex+4}
SInv    +            i - +2 pair of boots
Will    ++++.        e - amulet of regeneration Stlth
                     N - +5 ring of evasion
HPRegen 1.22/turn    Q - ring of resist corrosion
MPRegen 0.21/turn

%: no passive effects
@: heroic, flying, studying Transmutations
A: sickness immunity, AC +14, big wings, negative energy resistance 1,
electricity resistance, torment resistance 1, petrification resistance
}: 2/15 runes: decaying, gossamer
a: Renounce Religion, Heroism, Finesse, Duel


You were on level 3 of the Elven Halls.
You worshipped Okawaru.
Okawaru was exalted by your worship.
You visited 7 branches of the dungeon, and saw 34 of its levels.
You visited the Abyss 1 time.
You also visited: Ossuary.

You collected 4568 gold pieces.
You spent 2524 gold pieces at shops.

Inventory:

Hand Weapons
 a - the +8 broad axe of Poasm (weapon) {heavy, Will++ Int+4}
   (Okawaru gifted it to you on level 2 of the Swamp)

   Int:       It affects your intelligence (+4).
   Will:      It greatly increases your willpower.
 y - a +8 broad axe of draining
 K - a +2 morningstar of protection
Missiles
 J - 3 throwing nets (quivered)
Armour
 b - the +2 pair of gloves "Foyserph" (worn) {rElec Will+ Int-3 Dex+4}
   (You found it on level 2 of the Elven Halls)

   Int:       It affects your intelligence (-3).
   Dex:       It affects your dexterity (+4).
   rElec:     It insulates you from electricity.
   Will:      It increases your willpower.
 d - a +6 plate armour of fire resistance (worn)
 i - a +2 pair of boots (worn)
 n - a +0 cloak (worn)
 W - a +2 helmet of see invisible (worn)
 X - a +2 buckler of positive energy (worn)
 Y - a +1 tower shield of resistance
Jewellery
 e - an amulet of regeneration (around neck)
 f - a +6 ring of strength
 G - an amulet of reflection
 I - a ring of protection from cold
 N - a +5 ring of evasion (left hand)
 Q - a ring of resist corrosion (right hand)
Wands
 o - a wand of digging (14)
 x - a wand of mindburst (9)
 C - a wand of polymorph (15)
 D - a wand of flame (15)
 M - a wand of acid (6)
 S - a wand of iceblast (17)
 T - a wand of paralysis (9)
Scrolls
 j - 5 scrolls of silence
 r - 7 scrolls of teleportation
 s - 9 scrolls of fog
 t - 4 scrolls of blinking
 u - 8 scrolls of vulnerability {!r}
 z - 6 scrolls of magic mapping
 O - 2 scrolls of immolation {!r}
 V - 6 scrolls of fear
 Z - 5 scrolls of poison
Potions
 c - 8 potions of ambrosia
 g - 9 potions of heal wounds {@q2}
 k - 9 potions of might
 l - 5 potions of haste
 m - 18 potions of curing {@q1}
 p - 3 potions of cancellation
 q - 7 potions of lignification {!q}
 v - 4 potions of magic
 w - 4 potions of brilliance
 A - a potion of berserk rage {!q}
 B - 9 potions of resistance
 F - 8 potions of attraction {!q}
 H - 8 potions of mutation {!q}
 U - 2 potions of invisibility
Miscellaneous
 h - a lightning rod (4/4)
 E - a piece from Xom's chessboard (15/15)
 L - a phial of floods
 R - a tin of tremorstones (2/2)


   Skills:
 - Level 20.0(25.0) Fighting
 - Level 18.0(23.0) Axes
 + Level 18.4(23.4) Armour
 - Level 6.0(11.0) Dodging
 - Level 12.0(17.0) Shields
 - Level 12.0 Invocations
 - Level 5.0 Evocations


You had 18 spell levels left.
You didn't know any spells.
Your spell library contained the following spells:

 Spells                   Type           Power      Damage    Failure   Level
 Freeze                   Ice            0%         1d3       86%         1
 Sandblast                Erth           0%         2d4       86%         1
 Blink                    Tloc           0%         N/A       94%         2
 Lesser Beckoning         Tloc           0%         N/A       94%         2
 Momentum Strike          Conj/Tloc      0%         3d8       94%         2
 Passwall                 Tmut/Erth      0%         N/A       94%         2
 Scorch                   Fire           0%         2d5       94%         2
 Frozen Ramparts          Ice            0%         1d1       99%         3
 Hailstorm                Conj/Ice       0%         3d3       99%         3
 Portal Projectile        Hex/Tloc       0%         N/A       99%         3
 Stone Arrow              Conj/Erth      0%         3d7       99%         3
 Dispel Undead            Necr           0%         3d6       100%        4
 Flame Wave               Conj/Fire      0%         2d4       100%        4
 Leda's Liquefaction      Hex/Erth       0%         N/A       100%        4
 Passage of Golubria      Tloc           0%         N/A       100%        4
 Blade Hands              Tmut           0%         N/A       100%        5
 Silence                  Hex/Air        0%         N/A       100%        5
 Eringya's Noxious Bog    Tmut/Pois      0%         N/A       100%        6
 Storm Form               Tmut/Air       0%         N/A       100%        7
 Lehudib's Crystal Spear  Conj/Erth      0%         10d2      100%        8
 Maxwell's Capacitive Co  Air            0%         ∞         100%        8
 Cigotuvi's Dreadful Rot  Necr/Pois/Air  Unusable   N/A       N/A         2
 Call Canine Familiar     Summ           Unusable   N/A       N/A         3
 Tukima's Dance           Hex            Unusable   N/A       N/A         3
 Summon Lightning Spire   Summ/Air       Unusable   N/A       N/A         4
 Summon Forest            Summ/Tloc      Unusable   N/A       N/A         5
 Death Channel            Necr           Unusable   N/A       N/A         6
 Summon Cactus Giant      Summ           Unusable   N/A       N/A         6
 Summon Hydra             Summ           Unusable   N/A       N/A         7

Dungeon Overview and Level Annotations

Branches:
Dungeon (15/15)            Temple (1/1) D:4            Lair (5/5) D:8
  Swamp (4/4) Lair:2       Spider (4/4) Lair:3        Slime (0/5) Lair:5
    Orc (2/2) D:12            Elf (3/3) Orc:2        Vaults (0/5) D:14
 Depths (0/4) D:15        Ossuary (visited)

Altars:
Ashenzari
Cheibriados
Dithmenos
Elyvilon
Fedhas
Gozag
Hepliaklqana
Kikubaaqudgha
Makhleb
Nemelex Xobeh
Okawaru
Qazlal
Ru
Sif Muna
Trog
Uskayaw
Vehumet
Wu Jian
Xom
Yredelemnul
Zin
The Shining One

Shops:
D:6 (??[:   D:9 [   D:13 [   Orc:2 [(!(   Elf:2 *

Annotations:
Lair:5 exclusion: obsidian statue


Innate Abilities, Weirdness & Mutations

You are immune to sickness and miasma.
Your stone body is resilient. (AC +14)
You are immune to poison.
Your large and strong wings let you fly.
You resist negative energy. (rN+)
You are resistant to electric shocks. (rElec)
You are resistant to unholy torment.
You are immune to petrification.


Message History

The deep elf high priest closely misses you.
The deep elf blademaster hits you but does no damage. x2
The deep elf high priest completely misses you.
You closely miss the deep elf high priest.
You hit the deep elf blademaster.
The deep elf blademaster hits you with a +0 rapier!
The deep elf blademaster hits you but does no damage. x2
The deep elf blademaster closely misses you.
The deep elf archer gestures wildly while chanting.
The deep elf archer blinks!
The deep elf high priest closely misses you.
You cut the deep elf high priest into ribbons!!!
You kill the deep elf high priest!
Okawaru accepts your kill.
You closely miss the deep elf blademaster.
The deep elf blademaster hits you but does no damage. x2
The deep elf archer unwields a +0 short sword.
The deep elf archer wields a +0 shortbow.
The deep elf archer shoots an arrow.
The arrow hits you!!
The deep elf annihilator gestures at you while chanting.
The iron shot hits you!!!
* * * LOW HITPOINT WARNING * * *
A deep elf sorcerer comes into view. It is wielding a +0 rapier.
The deep elf blademaster hits you but does no damage.
The deep elf blademaster hits you with a +0 rapier!
* * * LOW HITPOINT WARNING * * *
You feel much better.
The deep elf blademaster completely misses you.
You block the deep elf blademaster's attack.
The deep elf annihilator casts a spell.
The deep elf annihilator blinks!
The deep elf sorcerer casts a spell.
The deep elf sorcerer seems to speed up.
A deep elf annihilator comes into view. It is wielding a +0 long sword.
Blink to where?
Press: ? - help, Dir - move target
As you read the scroll of blinking, it crumbles to dust.
The deep elf annihilator casts a spell at you.
The iron shot hits you!!!
You die... .................... .................... .................... ≈~~~~...~~~~~~~~~≈~~ ≈≈~≈~...≈~≈≈≈≈≈~≈≈~~ ≣≣≣≣≣≣≣≣≣'''≣≣≣≣≣≣≣≣≣≣≣≣ .................... .................... ≣≣≣≣≣≣≣+≣@≣≣≣≣≣≣≣≣≣≣≣≣≣'

≣.......'..e...≣........
≣.......≣....)§≣).......
≣.......≣...)e.)[§......
#############≣≣≣≣e≣≣≣≣##
.e. e.... .......
.......


You could see a deep elf blademaster and a deep elf annihilator (empowered).

Vanquished Creatures
  A bone dragon (Swamp:4)
  Jorgrun (D:15)
  Rupert (D:15)
  A deep elf blademaster (Elf:3)
  A deep elf master archer (Elf:3)
  A tentacled starspawn (Abyss:2)
  A thorn hunter (Swamp:1)
  A fenstrider witch (Swamp:3)
  2 deep elf sorcerers (Elf:3)
  2 emperor scorpions
  Aizul (Swamp:1)
  2 ghouls (Swamp:3)
  A ghost moth (Spider:4)
  Louise (Orc:2)
  A deep elf elementalist (Elf:3)
  3 eleionomae
  Nessos (Orc:2)
  2 deep elf annihilators (Elf:3)
  A dire elephant (Lair:5)
  2 bunyips
  A spark wasp (Spider:3)
  A shambling mangrove (Swamp:3)
  An ettin (Orc:2)
  2 fire dragons (D:15)
  An eidolon (Abyss:2)
  6 entropy weavers
  A deep elf high priest (Elf:3)
  A jorogumo (Spider:4)
  4 vault guards (D:14)
  Erolcha (D:13)
  5 ghost crabs
  17 hydras
  8 centaur warriors
  A catoblepas (Lair:5)
  3 alligators
  4 two-headed ogres
  2 radroaches (Spider:1)
  6 boulder beetles
  9 death yaks
  A death knight (D:14)
  6 orc high priests
  25 dancing weapons
  Urug (Orc:1)
  A tengu warrior (D:13)
  14 deep elf knights
  2 spectral death yaks (Lair:5)
  A wretched star (Abyss:2)
  7 pharaoh ants
  5 sun moths
  4 goliath frogs
  5 skeletal warriors
  6 skysharks
  A glowing orange brain (Abyss:2)
  A spectral anaconda (Lair:5)
  A death drake (Swamp:4)
  8 orb spiders
  2 phantasmal warriors
  2 spriggan druids
  3 spectral hydras (Swamp:4)
  7 swamp dragons
  A wizard (D:14)
  14 steelbarb worms
  10 deep elf archers
  6 bog bodies
  23 deep elf pyromancers
  5 orc knights
  18 deep elf zephyrmancers
  8 orc sorcerers
  13 wolf spiders
  4 worldbinders (Abyss:2)
  7 ugly things
  8 cyclopes
  4 necromancers (Lair:5)
  A manticore (D:14)
  5 will-o-the-wisps
  Maurice (D:8)
  A moth of wrath (Spider:2)
  24 elephants
  7 black mambas
  2 smoke demons (Abyss:2)
  2 gargoyles
  8 torpor snails
  19 demonic crawlers
  13 cane toads
  2 rime drakes
  3 yaktaurs (D:15)
  2 kobold demonologists (D:12)
  An efreet (D:14)
  9 komodo dragons
  3 freezing wraiths (D:14)
  5 swamp worm zombies (Swamp:4)
  A starcursed mass (Abyss:2)
  9 polar bears
  2 bloated husks (Swamp:4)
  5 hydra zombies (Swamp:4)
  11 hornets
  8 trolls
  12 tyrant leeches
  4 meliai
  3 blink frogs (Lair:4)
  14 tarantellas
  Grinder (D:3)
  3 alligator zombies (Swamp:4)
  2 spectral elephants (Lair:5)
  A spectral swamp dragon (Swamp:4)
  3 dream sheep (Lair:4)
  A blink frog (shapeshifter) (D:15)
  2 raiju (Abyss:2)
  25 slime creatures
  A centaur simulacrum (D:15)
  4 water elementals
  4 air elementals
  27 jumping spiders
  A shadow (D:12)
  10 spriggans
  2 ynoxinuls (Abyss:2)
  14 culicivoras
  A naga simulacrum (Abyss:2)
  2 wraiths
  25 yaks
  2 wyverns
  4 basilisks
  A steam dragon (Lair:1)
  3 fire elementals (Elf:1)
  A chaos spawn (Abyss:2)
  2 small abominations (Abyss:2)
  73 redbacks
  A death yak simulacrum (Lair:5)
  6 vampire mosquitoes
  5 large abominations (Abyss:2)
  3 wargs
  3 acid dragons
  7 swamp worms
  11 water moccasins
  4 swamp drakes
  23 orc warriors
  An ice beast (D:6)
  A black bear (D:5)
  2 swamp dragon zombies (Swamp:4)
  4 ogres
  4 boggarts (D:15)
  5 wolves (Lair:4)
  An elephant skeleton (Lair:5)
  7 centaurs
  7 phantoms
  Blork the orc (D:4)
  2 kobold brigands
  7 bullfrogs
  5 earth elementals
  2 gnoll sergeants
  A necrophage (Swamp:3)
  8 scorpions (Ossuary)
  A troll zombie (D:12)
  12 killer bees
  An elephant simulacrum (Lair:5)
  8 electric eels
  5 howler monkeys
  2 centaur zombies (Ossuary)
  A hound (D:4)
  12 orc priests
  2 gnoll boudas
  3 iguanas
  An iron imp (Abyss:2)
  2 sleepcaps (D:7)
  Natasha (thrice) (D:4)
  3 scorpion zombies (Ossuary)
  29 orc wizards
  2 spectral swamp drakes (Swamp:4)
  20 hell rats
  5 ogre zombies (D:12)
  3 mummies (Ossuary)
  Robin (D:2)
  6 adders
  28 gnolls
  A swamp drake zombie (Swamp:4)
  A white imp (D:6)
  2 ufetubi
  A worm (D:5)
  A dart slug (D:5)
  55 orcs
  5 ball pythons
  6 bats
  6 endoplasms
  2 giant cockroaches
  2 gnoll zombies (Ossuary)
  12 goblins
  10 hobgoblins
  5 jackals
  2 quokkas (D:4)
  A frilled lizard (D:2)
  4 goblin zombies
  7 hobgoblin zombies
  9 kobolds
  A kobold zombie (Ossuary)
  2 orc skeletons (D:12)
  14 orc zombies
  7 rats
1144 creatures vanquished.

Vanquished Creatures (others)
  A radroach (Spider:4)
  A spriggan druid (Swamp:1)
  2 deep elf zephyrmancers
  5 bloated husks
  A slime creature (D:14)
  3 swamp worms
  3 phantoms (Swamp:4)
  An orc wizard (D:15)
  A spectral swamp drake (Swamp:4)
  12 foxfires
  3 starspawn tentacles (Abyss:2)
33 creatures vanquished.

Grand Total: 1177 creatures vanquished

Notes
Turn   | Place    | Note
-------+----------+-------------------------------------------
     0 | D:1      | Kenran the Gargoyle Monk began the quest for the Orb.
     0 | D:1      | Reached XP level 1. HP: 14/14 MP: 1/1
   197 | D:1      | Reached XP level 2. HP: 19/19 MP: 2/2
   367 | D:1      | Found a faded altar of an unknown god.
   567 | D:2      | Reached XP level 3. HP: 23/23 MP: 3/3
   916 | D:2      | Noticed Robin
   944 | D:2      | Killed Robin
   945 | D:2      | Reached XP level 4. HP: 28/28 MP: 4/4
  1483 | D:3      | Noticed Grinder
  1486 | D:3      | Paralysed by Grinder for 3 turns
  1675 | D:3      | Paralysed by Grinder for 4 turns
  1681 | D:3      | Paralysed by Grinder for 5 turns
  1690 | D:3      | Paralysed by Grinder for 3 turns
  1697 | D:3      | Paralysed by Grinder for 2 turns
  1702 | D:3      | Killed Grinder
  1703 | D:3      | Reached XP level 5. HP: 31/32 MP: 5/5
  1703 | D:3      | Reached XP level 6. HP: 36/37 MP: 6/6
  2342 | D:4      | Found a staircase to the Ecumenical Temple.
  2369 | Temple   | Entered the Ecumenical Temple
  2460 | Temple   | Became a worshipper of Warmaster Okawaru
  2460 | Temple   | Reached * piety under Okawaru
  2460 | Temple   | Reached ** piety under Okawaru
  2501 | D:4      | Noticed Blork the orc
  2806 | D:4      | Reached XP level 7. HP: 41/41 MP: 7/7
  2832 | D:4      | Killed Blork the orc
  3105 | D:4      | Noticed Natasha
  3111 | D:4      | Killed Natasha
  3133 | D:4      | Noticed Natasha
  3137 | D:4      | Killed Natasha
  3155 | D:4      | Noticed Natasha
  3169 | D:4      | Killed Natasha
  3222 | D:4      | Found a burning altar of Makhleb.
  3342 | D:5      | Entered Level 5 of the Dungeon
  3521 | D:5      | Reached XP level 8. HP: 43/46 MP: 8/8
  3522 | D:5      | Reached *** piety under Okawaru
  3591 | D:5      | Found a sand-covered staircase.
  3600 | Ossuary  | Entered an ossuary
  3687 | Ossuary  | Received a gift from Okawaru
  3716 | Ossuary  | Reached skill level 10 in Axes
  3724 | Ossuary  | Reached skill level 1 in Armour
  3788 | Ossuary  | Reached skill level 1 in Invocations
  4405 | D:6      | Reached XP level 9. HP: 51/51 MP: 10/10
  4554 | D:6      | Found Ukhliogu's Armour Shoppe.
  4564 | D:6      | Reached **** piety under Okawaru
  4575 | D:6      | Identified the +1 robe of Jutib {Int+3}
  4604 | D:6      | Found Zihuaphe's Book Boutique.
  4731 | D:6      | Found Kegaifim's Magic Scroll Emporium.
  4740 | D:6      | Bought a scroll of identify for 22 gold pieces
  4789 | D:6      | Found Uceqampuma's Antique Weapon Shop.
  4855 | D:6      | Found Ujaum's Magic Scroll Boutique.
  4866 | D:6      | Bought a scroll of identify for 22 gold pieces
  4866 | D:6      | Bought a scroll of identify for 22 gold pieces
  4866 | D:6      | Identified 2 scrolls of acquirement
  5036 | D:6      | Acquired 1036 gold pieces
  5247 | D:7      | Reached skill level 5 in Armour
  5262 | D:7      | Reached skill level 4 in Fighting
  5374 | D:7      | Found a shadowy altar of Dithmenos.
  5382 | D:7      | Found a glowing golden altar of the Shining One.
  6016 | D:8      | Reached skill level 5 in Fighting
  6097 | D:8      | Reached skill level 6 in Fighting
  6133 | D:8      | Reached XP level 10. HP: 49/60 MP: 10/12
  6163 | D:8      | Found a staircase to the Lair.
  6174 | D:8      | Reached ***** piety under Okawaru
  6267 | D:8      | Noticed Maurice
  6296 | D:8      | Killed Maurice
  6448 | D:8      | Noticed a +0 dagger
  6448 | D:8      | Noticed a +0 spear
  6449 | D:8      | Noticed a +0 dagger
  6449 | D:8      | Noticed a +0 spear
  6450 | D:8      | Noticed a +0 short sword
  6451 | D:8      | Noticed a +0 falchion
  6451 | D:8      | Noticed a +0 short sword
  6452 | D:8      | Noticed a +0 falchion
  6477 | D:8      | Found a hide-covered altar of Uskayaw.
  6962 | D:9      | Identified the +6 dagger of Stickiness {spect, Fragile Fly
                  | rF- rN+ Int+6}
  6963 | D:9      | Found a bloodstained altar of Trog.
  7094 | D:9      | Found Nifad's Antique Armour Shoppe.
  7099 | D:9      | Bought a pitted plate armour for 672 gold pieces
  7099 | D:9      | Identified the +0 plate armour of Qikkoysi {rElec Int+2}
                  | (You bought it in a shop on level 9 of the Dungeon)
  7457 | D:10     | Entered Level 10 of the Dungeon
  7623 | D:10     | Found a stormy altar of Qazlal.
  7785 | D:10     | Noticed a two-headed ogre
  7986 | D:10     | Killed a two-headed ogre
  7986 | D:10     | Identified the +1 battleaxe of the Salmon {freeze, Str+2}
                  | (Okawaru gifted it to you on level 10 of the Dungeon)
  7986 | D:10     | Received a gift from Okawaru
  7987 | D:10     | Reached XP level 11. HP: 66/66 MP: 13/13
  8091 | D:10     | Reached ****** piety under Okawaru
  8194 | D:11     | Noticed a four-headed hydra
  8278 | D:11     | Reached skill level 7 in Fighting
  8420 | D:6      | Bought a scroll of teleportation for 33 gold pieces
  8577 | D:11     | Identified the +4 quarterstaff "Beetlebane" {freeze, Int+3}
  9062 | D:11     | Noticed a cyclops
  9236 | Lair:1   | Entered Level 1 of the Lair of Beasts
  9254 | Lair:1   | Reached XP level 12. HP: 72/72 MP: 14/14
  9500 | Lair:1   | Reached skill level 8 in Fighting
  9612 | Lair:1   | Reached skill level 9 in Fighting
  9790 | Lair:1   | Received a gift from Okawaru
  9884 | Lair:1   | Reached skill level 10 in Fighting
  9991 | Lair:1   | Noticed a boulder beetle
 10041 | Lair:1   | Killed a boulder beetle
 10042 | Lair:1   | Reached skill level 1 in Evocations
 10105 | Lair:1   | Received a gift from Okawaru
 10365 | Lair:2   | Noticed a seven-headed hydra
 10376 | Lair:2   | Killed a seven-headed hydra
 10492 | Lair:2   | Noticed an eight-headed hydra
 10529 | Lair:1   | Reached skill level 5 in Invocations
 10743 | Lair:2   | Noticed a death yak
 10743 | Lair:2   | Noticed a death yak
 10809 | Lair:2   | Noticed a death yak
 10946 | Lair:3   | Noticed a six-headed hydra
 10948 | Lair:3   | Noticed a skyshark
 11066 | Lair:2   | Killed a death yak
 11067 | Lair:2   | Reached XP level 13. HP: 79/82 MP: 15/17
 11560 | Lair:3   | Reached skill level 15 in Axes
 11795 | Lair:3   | Found a stormy altar of Qazlal.
 12627 | Lair:4   | Acquired a +1 executioner's axe of electrocution
 12631 | Lair:4   | Acquired a +5 ring of evasion
 13440 | Lair:2   | Found a staircase to the Swamp.
 13746 | D:6      | Bought a +1 helmet of see invisible for 198 gold pieces
 13746 | D:6      | Bought a +2 buckler of positive energy for 222 gold pieces
 13975 | Lair:3   | Identified the +4 long sword of Stickiness {drain, rPois}
 14016 | Lair:3   | Reached skill level 1 in Shields
 14224 | Lair:3   | Found a hole to the Spider Nest.
 15389 | Lair:5   | Entered Level 5 of the Lair of Beasts
 15468 | Lair:4   | Reached skill level 5 in Shields
 15763 | Lair:4   | Received a gift from Okawaru
 15816 | Lair:4   | Gained mutation: Your large and strong wings let you fly.
                  | [Gargoyle growth]
 15816 | Lair:4   | Reached XP level 14. HP: 46/88 MP: 18/18
 15895 | Lair:4   | Reached skill level 11 in Fighting
 16246 | Lair:5   | Reached skill level 12 in Fighting
 16525 | Lair:4   | Reached skill level 13 in Fighting
 16609 | Lair:5   | Found a staircase to the Slime Pits.
 16889 | Lair:4   | Reached skill level 14 in Fighting
 17214 | Lair:5   | Noticed a dire elephant
 17356 | Lair:5   | Received a gift from Okawaru
 17711 | Lair:5   | Killed a dire elephant
 17783 | Lair:5   | Identified the +9 dagger "Death Rattle" {spect, Str+5 Int-5
                  | Stlth+}
 17784 | Lair:5   | Identified the ring "Nahepnoge" {Fly Dex+2}
 18798 | Lair:3   | Found a hole to the Spider Nest.
 18969 | Lair:3   | Found a stormy altar of Qazlal.
 19129 | Lair:2   | Reached XP level 15. HP: 43/100 MP: 19/19
 19346 | Lair:2   | Found a staircase to the Swamp.
 19903 | D:9      | Found Nifad's Antique Armour Shoppe.
 20083 | D:9      | Found a bloodstained altar of Trog.
 20564 | D:11     | Identified the staff of poison "Bedufast" {rPois rC+}
 20580 | D:11     | Identified the +9 rapier "Asiu" {freeze, Will+ SInv}
 20609 | D:12     | You are sucked into a shaft and drop 2 floors!
 20634 | D:14     | Found a gate to the Vaults.
 21777 | D:12     | Found a staircase to the Orcish Mines.
 22147 | D:13     | Found Fuqeschua's Armour Emporium.
 22210 | D:13     | Identified the +0 animal skin of Ysitepeg {Str+3 Dex+6
                  | Stlth+} (Okawaru gifted it to you on level 13 of the
                  | Dungeon)
 22210 | D:13     | Received a gift from Okawaru
 22315 | D:13     | Bought a +1 plate armour of fire resistance for 595 gold
                  | pieces
 22812 | D:13     | Noticed Erolcha
 22818 | Abyss:2  | Cast into level 2 of the Abyss (Erolcha)
 22828 | Abyss:2  | Found a runed translucent door.
 22828 | Abyss:2  | Found a runed translucent door.
 22887 | Abyss:2  | Noticed a Hell Sentinel
 22976 | Abyss:2  | Noticed a tentacled starspawn
 23003 | Abyss:2  | Killed a tentacled starspawn
 23501 | D:13     | Escaped the Abyss
 23505 | D:13     | Killed Erolcha
 23709 | D:14     | Reached XP level 16. HP: 71/106 MP: 22/22
 23934 | D:14     | Identified the +1 broad axe of Okawaru's Pride {heavy, rN+}
                  | (Okawaru gifted it to you on level 14 of the Dungeon)
 23934 | D:14     | Received a gift from Okawaru
 24471 | D:14     | Identified the ring "Saxko" {rC- AC+4 Str+3 Int-3 Dex+6}
 24557 | D:15     | Entered Level 15 of the Dungeon
 24589 | D:15     | Reached skill level 15 in Fighting
 24750 | D:15     | Paralysed by an ogre mage for 5 turns
 24906 | D:15     | Noticed Rupert
 24934 | D:15     | Paralysed by Rupert for 4 turns
 24949 | D:15     | Paralysed by Rupert for 4 turns
 24962 | D:15     | Killed Rupert
 25307 | D:15     | Noticed Jorgrun
 25316 | D:15     | Killed Jorgrun
 25317 | D:15     | Reached skill level 16 in Fighting
 25548 | D:15     | Identified the +9 broad axe "Ihiurirya" {pain, rElec}
                  | (Okawaru gifted it to you on level 15 of the Dungeon)
 25548 | D:15     | Received a gift from Okawaru
 25586 | D:15     | Found a staircase to the Depths.
 25980 | Orc:1    | Entered Level 1 of the Orcish Mines
 26187 | Orc:2    | Entered Level 2 of the Orcish Mines
 26331 | Orc:2    | Noticed Nessos
 26340 | Orc:2    | Killed Nessos
 26363 | Orc:2    | Found a staircase to the Elven Halls.
 26493 | Orc:2    | Received a gift from Okawaru
 26805 | Orc:2    | Found Dainn's Antique Weapon Boutique.
 26805 | Orc:2    | Found Begear's Distillery.
 26822 | Orc:2    | Found Fukkoiz's Armour Emporium.
 26823 | Orc:2    | Found Luilahum's Antique Weapon Emporium.
 26837 | Orc:2    | Bought a potion of might for 72 gold pieces
 26837 | Orc:2    | Bought a potion of haste for 180 gold pieces
 26837 | Orc:2    | Bought a potion of might for 72 gold pieces
 26837 | Orc:2    | Bought 2 potions of resistance for 360 gold pieces
 26837 | Orc:2    | Bought a potion of curing for 54 gold pieces
 26916 | Orc:1    | Noticed Urug
 26934 | Orc:1    | Killed Urug
 27243 | Swamp:1  | Entered Level 1 of the Swamp
 27360 | Swamp:1  | Reached skill level 10 in Invocations
 27586 | Swamp:1  | Noticed a thorn hunter
 27751 | Swamp:1  | Noticed Aizul
 27777 | Swamp:1  | Killed Aizul
 27958 | Swamp:1  | Killed a thorn hunter
 28051 | Swamp:2  | Identified the +8 broad axe of Poasm {heavy, Will++ Int+4}
                  | (Okawaru gifted it to you on level 2 of the Swamp)
 28051 | Swamp:2  | Received a gift from Okawaru
 28133 | Swamp:2  | Reached XP level 17. HP: 106/115 MP: 24/24
 28244 | Swamp:2  | You are sucked into a shaft and drop 1 floor!
 28376 | Swamp:2  | Reached skill level 10 in Shields
 29158 | Swamp:3  | Reached skill level 5 in Evocations
 29462 | Swamp:3  | Identified the +0 buckler of Mybanys {-Tele Dex+6} (Okawaru
                  | gifted it to you on level 3 of the Swamp)
 29462 | Swamp:3  | Received a gift from Okawaru
 29463 | Swamp:3  | Reached skill level 17 in Fighting
 29982 | Swamp:4  | Entered Level 4 of the Swamp
 30326 | Swamp:4  | Identified the staff of poison "Burpho Jypoi" {rPois Str+3}
 30512 | Swamp:4  | Reached skill level 18 in Fighting
 30620 | Swamp:4  | Noticed a bone dragon
 30699 | Swamp:4  | Killed a bone dragon
 30759 | Swamp:4  | Got a decaying rune of Zot
 31079 | Spider:1 | Entered Level 1 of the Spider Nest
 31561 | Spider:1 | Received a gift from Okawaru
 31643 | Spider:1 | Reached XP level 18. HP: 125/126 MP: 27/27
 32185 | Spider:1 | Reached skill level 19 in Fighting
 32371 | Spider:2 | Received a gift from Okawaru
 32919 | Spider:3 | Reached skill level 20 in Fighting
 33918 | Spider:4 | Entered Level 4 of the Spider Nest
 34224 | Spider:4 | Identified the +6 plate armour of Yhora {rPois rC- Will+
                  | Slay+5}
 34575 | Spider:4 | Received a gift from Okawaru
 34576 | Spider:4 | Reached skill level 15 in Armour
 34576 | Spider:4 | Reached skill level 5 in Dodging
 34657 | Spider:4 | Got a gossamer rune of Zot
 34882 | Spider:4 | Reached XP level 19. HP: 126/135 MP: 24/28
 35227 | Elf:1    | Entered Level 1 of the Elven Halls
 35234 | Elf:1    | Noticed Louise
 35263 | Orc:2    | Killed Louise
 35343 | Elf:1    | Paralysed by an air elemental for 1 turns
 35345 | Elf:1    | Paralysed by an air elemental for 1 turns
 35464 | Elf:1    | Identified the +6 quarterstaff of the Fulmar {flame, Will+}
 36186 | Elf:2    | Paralysed by an air elemental for 1 turns
 36302 | Elf:2    | Identified the +7 plate armour of Muots {Contam rElec
                  | rPois} (Okawaru gifted it to you on level 2 of the Elven
                  | Halls)
 36302 | Elf:2    | Received a gift from Okawaru
 36512 | Elf:2    | Identified the +2 pair of gloves "Foyserph" {rElec Will+
                  | Int-3 Dex+4}
 36586 | Elf:2    | Found Xutranogri's Assorted Antiques.
 36952 | Elf:2    | Found a runed translucent gate.
 36953 | Elf:2    | Found a runed translucent gate.
 36953 | Elf:2    | Found a runed translucent gate.
 37557 | Elf:3    | Entered Level 3 of the Elven Halls
 37694 | Elf:2    | Found a radiant altar of Vehumet.
 37961 | Elf:3    | Identified the +3 plate armour of Eternal Night {rPois
                  | Str+5 Slay-3}
 38351 | Elf:3    | Received a gift from Okawaru
 38378 | Elf:3    | HP: 6/135 [deep elf blademaster/+0 rapier (9)]
 38380 | Elf:3    | Killed from afar by a deep elf annihilator

Illustrated notes

Levels and vault maps discovered:
D:1:      wander_arrival_chamber, layout_basic,
          shapermc_ecumenical_altar_acropolis
D:2:      layout_basic, uniq_robin
D:3:      layout_basic, uniq_grinder
D:4:      layout_loops_cross, makhleb_heckhound_becter,
          minmay_temple_entry_slanted, uniq_natasha, uniq_blork_the_orc
D:5:      layout_cave_pods, nicolae_ossuary_entry_ruins
D:6:      layout_gridville, serial_shops, nicolae_lakefront_shop, shop, shop,
          nicolae_shop_tiny_waterfront, nicolae_stop_n_shop_1,
          columned_hall_lemuel
D:7:      wander_river, layout_loops_corners,
          mainiacjoe_overflow_catwalk_spiral, minivault_10,
          hangedman_decor_diamond_cutter, feat_on_display
D:8:      layout_basic, nicolae_uskayaw_en_pointe, erik_lair_orcish_takeover,
          uniq_maurice
D:9:      layout_basic, bloody_trog, serial_shops, shop, serial_bayou_lake_a
D:10:     layout_roguey, nicolae_qazlal_eye_of_the_storm
D:11:     layout_irregular_city, minivault_21
D:12:     layout_rooms, zombieorc1_lemuel
D:13:     layout_basic, serial_shops, shop, minivault_25,
          minmay_fractal_squares_gapless_5, uniq_erolcha
D:14:     layout_cave_pods, lightli_vaults_fourway_checkpoint,
          gauntlet_entry_generic
D:15:     grunt_enter_depths_hoard, layout_stronghold,
          chequers_hall_statues_corner_a, uniq_jorgrun, uniq_rupert
Temple:   lightli_temple_of_artemis
Lair:1:   layout_regular_city, cheibrodos_lair_lostbears, serial_bayou_shore_a
Lair:2:   layout_regular_city, palyth_hydra_swamp_entry,
          gammafunk_lair_bear_cave
Lair:3:   layout_cave_pods, spider_nest_entry_funnel_web, basic_altar,
          grunt_megastairs_5
Lair:4:   layout_long_grid, minivault_24, lemuel_fruit_tree, grunt_megastairs_3
Lair:5:   due_jungle_book, layout_gridlike, slime_entry_1
Swamp:1:  layout_falls_marsh, evilmike_swamp_ruin_house_2, uniq_aizul
Swamp:2:  layout_falls_marsh, nicolae_swamp_little_swirl,
          infiniplex_staircase_pool_2
Swamp:3:  nicolae_swamp_ascending_descending, layout_basic_swamp,
          nicolae_swamp_well_well_well, grunt_witch_cave
Swamp:4:  swamp_pestilence, layout_basic_swamp
Spider:1: layout_spider_delve
Spider:2: layout_spider_delve, guppyfry_spider_mini_3
Spider:3: layout_chambers, hangedman_spider_tarantella_strand
Spider:4: hellmonk_spider_rune_bug_friends, worms_lemuel
Orc:1:    layout_caves, basic_altar, uniq_urug
Orc:2:    st_orc_elflike, layout_diamond_mine, basic_altar, uniq_nessos
Elf:1:    layout_rooms, evilmike_minifort, dreamdust_princess_corridor,
          uniq_louise
Elf:2:    nicolae_elf_blades_crystal_corner, layout_rooms, serial_shops,
          nicolae_shop_back_alley_shop, serial_sigils,
          serial_sigils_hangedman_gut, serial_sigils_hangedman_leer,
          serial_sigils_hangedman_stare, hangedman_glass_teeth, drop_trap,
          lemuel_upstairs_altar
Elf:3:    minmay_elf_hall_furrowed, layout_geoelf_castle

Skill      XL: |  1  2  3  4  5  6  7  8  9 10 11 12 13 14 15 16 17 18 19 |
---------------+----------------------------------------------------------+-----
Axes           | 3 4 6 7 8 10 11 13 14 16 18 | 18.0
Armour         | 3 5 11 12 14 15 18 | 18.4
Invocations    | 2 3 6 8 10 12 | 12.0
Fighting       | 6 7 10 14 16 18 20 | 20.0
Evocations     | 3 5 |  5.0
Shields        | 6 9 10 11 12 | 12.0
Dodging        | 5 6 |  6.0

Action                     |  1- 3 |  4- 6 |  7- 9 | 10-12 | 13-15 | 16-18 | 19-21 || total
---------------------------+-------+-------+-------+-------+-------+-------+-------++-------
  Melee: Hand axe          |    83 |    22 |       |       |       |       |       ||   105
         War axe           |       |    66 |   341 |   587 |  1967 |    73 |       ||  3034
         Mace              |       |       |       |       |    97 |   129 |       ||   226
         Broad axe         |       |       |       |       |       |  1317 |   327 ||  1644
 Invoke: Heroism           |       |       |     2 |     2 |    14 |     2 |     1 ||    21
  Evoke: Lightning rod     |       |       |       |     7 |    10 |     3 |       ||    20
         Wand              |       |       |       |     6 |     4 |    12 |       ||    22
         Piece from Xom's  |       |       |       |     2 |     1 |       |       ||     3
         Phial of floods   |       |       |       |     1 |     1 |       |       ||     2
         Tin of tremorston |       |       |       |       |       |     2 |     1 ||     3
    Use: Scroll            |       |     4 |    12 |     9 |    19 |    10 |     3 ||    57
         Potion            |       |       |       |     1 |     2 |     6 |     1 ||    10
   Stab: Petrified         |       |       |       |       |     5 |       |       ||     5
         Paralysed         |       |       |       |       |       |     6 |       ||     6
 Armour: Robe              |     2 |       |       |       |       |       |       ||     2
         Plate armour      |    82 |    57 |   263 |   541 |  1504 |  1556 |   200 ||  4203
  Dodge: Dodged            |    21 |    20 |    97 |   210 |  1036 |  1063 |   143 ||  2590
  Block: Buckler           |       |       |       |       |   601 |   797 |   124 ||  1522
